 Dungeon Crawl Stone Soup version 0.27-a0-760-gc38aae387d (webtiles) character file.

Game seed: 3425373789960497356

27 polve the Slasher (level 2, 0/24 HPs)
             Began as a Demonspawn Abyssal Knight on Mar 24, 2021.
             Was a Follower of Lugonu.
             Slain by Sigmund
             ... wielding a +1 scythe of freezing
              (9 damage)
             ... on level 2 of the Dungeon.
             The game lasted 00:01:06 (1620 turns).

polve the Slasher (Demonspawn Abyssal Knight)       Turns: 1620, Time: 00:01:06

Health: 0/24       AC:  6    Str: 12    XL:     2   Next: 93%
Magic:  3/3        EV:  8    Int: 13    God:    Lugonu [*.....]
Gold:   55         SH:  4    Dex: 12    Spells: 1/1 levels left

rFire    . . .     SeeInvis .   a - +1 falchion
rCold    . . .     Faith    .   (no shield)
rNeg     . . .     Spirit   .   c - +0 scale mail
rPois    .         Reflect  .   (no helmet)
rElec    .         Harm     .   (no cloak)
rCorr    .         Rampage  .   (no gloves)
Will     .....                  (no boots)
Stlth    ..........             (no amulet)
HPRegen  0.08/turn              (no ring)
MPRegen  0.08/turn              (no ring)

@: hasted, very quick
A: condensation shield
a: Renounce Religion, Depart the Abyss


You were on level 2 of the Dungeon.
You worshipped Lugonu.
Lugonu was aware of your devotion.
You visited 1 branch of the dungeon, and saw 2 of its levels.
You visited the Abyss 1 time.

You collected 55 gold pieces.

Inventory:

Hand Weapons
 a - a +1 falchion (weapon)
Armour
 c - a +0 scale mail (worn)
Scrolls
 d - a scroll of teleportation {unknown}
Potions
 e - a potion of magic {unknown}
 f - a potion of curing {unknown}


   Skills:
 - Level 3.0 Fighting
 + Level 3.1 Long Blades
 - Level 1.7 Armour
 - Level 0.8 Dodging
 - Level 2.4 Invocations


You had one spell level left.
You didn't know any spells.
Your spell library was empty.

Dungeon Overview and Level Annotations

Branches:
Dungeon (2/15)

Altars:

Annotations:
D:2 Sigmund


Innate Abilities, Weirdness & Mutations

A meltable shield of frost defends you. (SH +4)


Message History

You kill the rat!
Lugonu accepts your kill.
No target in view!
No target in view!
No target in view!
No target in view!
No target in view!
No target in view!
Found a chain mail.
You now have 55 gold pieces (gained 5).
f - a red potion As you open the door, it creaks loudly!
You hear a shout!
You hear an angry hiss.
Sigmund the Dreaded comes into view.
He is wielding a +1 scythe of freezing.
There is an open door here.
A frilled lizard comes into view.
The frilled lizard hisses angrily.
Sigmund barely misses you.
You riposte.
You closely miss Sigmund. You hit Sigmund but do no damage.
Sigmund gestures at himself while chanting.
Sigmund flickers and vanishes!
Deactivating autopickup; reactivate with Ctrl-A.
You hit something but do no damage.
You hear some strange, mumbled words.
A magic dart appears from out of thin air!
The magic dart hits you but does no damage.
A worm comes into view.
You hit something. Something hits you. Something freezes you.
You miss something. Something hits you!
Ouch! That really hurt!
Something freezes you.
You are too injured to fight recklessly!
You are too injured to fight recklessly!
You are too injured to fight recklessly!
You are too injured to fight recklessly!
You are too injured to fight recklessly!
You are too injured to fight recklessly!
You are too injured to fight recklessly!
It was a potion of haste.
You feel yourself speed up. Something hits you!
You die...

####....###.........#
..........+.........+
####....###.........#
##..<...........##
###.#####.....## #.#
##...## #.# ##'## #.#
#.# #.# #@# #.# #{#
#.# .l. ..... .......
w###.##.# #. #.# .# #
... #


You could see a worm and a frilled lizard.

Vanquished Creatures
  A dart slug (D:1)
  2 endoplasms (D:1)
  A giant cockroach (D:1)
  5 goblins (D:1)
  3 hobgoblins (D:1)
  A kobold (D:1)
  2 quokkas (D:1)
  2 bats (D:1)
  A frilled lizard (D:1)
  4 rats
  2 toadstools (D:1)
24 creatures vanquished.

Vanquished Creatures (others)
  A plant (D:1)
  2 toadstools (D:1)
3 creatures vanquished.

Grand Total: 27 creatures vanquished

Notes
Turn   | Place    | Note
-------+----------+-------------------------------------------
     0 | Abyss:1  | polve the Demonspawn Abyssal Knight began the quest for the
                  | Orb.
     0 | Abyss:1  | Reached XP level 1. HP: 18/18 MP: 2/2
   146 | Abyss:1  | Found a corrupted altar of Lugonu.
   246 | Abyss:1  | Found a corrupted altar of Lugonu.
   296 | Abyss:1  | Found a corrupted altar of Lugonu.
   476 | Abyss:1  | Found a corrupted altar of Lugonu.
   552 | Abyss:1  | Noticed a small abomination
   561 | D:1      | Escaped the Abyss
   792 | D:1      | Gained mutation: A meltable shield of frost defends you.
                  | (SH +4) [demonic ancestry]
   792 | D:1      | Reached XP level 2. HP: 21/24 MP: 3/3
   844 | D:1      | Reached * piety under Lugonu
  1613 | D:2      | Noticed Sigmund
  1620 | D:2      | Slain by Sigmund

Illustrated notes

Levels and vault maps discovered:
D:1:      ldierk_water_garden, layout_basic, serial_bayou_ford_a,
          minmay_pentomino_o4
D:2:      layout_loops_corners, uniq_sigmund, uniq_natasha

Skill      XL: |  1  2 |
---------------+-------+-----
Long Blades    | 2 3 |  3.1
Fighting       | |  3.0
Armour         | |  1.7
Dodging        | |  0.8
Invocations    | |  2.4

Action                   || total
-------------------------++-------
Melee: Falchion          ||    64
Invok: Depart the Abyss  ||     1
  Use: Potion            ||     1
Armor: Scale mail        ||    16
Dodge: Dodged            ||    27
Block: Other             ||     7
       Rpst.: Falchion   ||     9

Table legend: (Time is in decaauts)
 A = Elapsed time spent in this place.
 B = Non-inter-level travel time spent in this place.
 C = Inter-level travel time spent in this place.
 D = Time resting spent in this place.
 E = Time spent auto-exploring this place.
 F = Levels seen in this place.
 G = Mean time per level.
                   A        B        C        D        E       F      G
               +--------+--------+--------+--------+--------+-----+--------+
         Total |   1633 |   1606 |     27 |      0 |   1416 |   3 |  544.3 |
       Dungeon |   1072 |   1045 |     27 |      0 |    879 |   2 |  536.0 |
         Abyss |    561 |    561 |      0 |      0 |    537 |   1 |  561.0 |
               +--------+--------+--------+--------+--------+-----+--------+

Top non-repeatable levels by time:
     D:1: 1029 daAuts
 Abyss:1: 561 daAuts
     D:2: 43 daAuts
